 Dungeon Crawl Stone Soup version 0.30-a0-311-gf115ab0292 (webtiles) character file.

Game seed: 3385497283513389849

29 McGhostyFace the Grasshopper (level 3, -1/27 (31) HPs)
             Began as a Gnoll Warper on Oct 26, 2022.
             Slain by a gnoll
             ... wielding a +2 flail of draining
              (7 damage)
             ... on level 2 of the Dungeon.
             The game lasted 00:02:50 (1077 turns).

McGhostyFace the Grasshopper (Gnoll Warper)         Turns: 1077, Time: 00:02:50

HP:   -1/27 (31)    AC:  4    Str: 10    XL:     3   Next: 16%
MP:   9/9           EV: 12    Int: 14    God:
Gold: 103           SH:  0    Dex: 11    Spells: 10/12 levels left

rFire   . . .      SeeInvis .    l - +6 spear of Disorder {vorpal, *Slow rElec rC++}
rCold   + + .      Faith    .    (no shield)
rNeg    . . .      Spirit   .    b - +0 leather armour
rPois   .          Reflect  .    (no helmet)
rElec   +          Harm     .    h - +0 cloak
rCorr   .          Rampage  .    (no gloves)
Will    .....                    (no boots)
Stlth   +.........               (no amulet)
HPRegen 0.24/turn                (no ring)
MPRegen 0.11/turn                (no ring)

@: heavily drained
A: fangs 1, strong nose, distributed training
a: no special abilities


You were on level 2 of the Dungeon.
You visited 1 branch of the dungeon, and saw 2 of its levels.

You collected 103 gold pieces.

Inventory:

Hand Weapons
 a - a +0 short sword
 l - the +6 spear of Disorder (weapon) {vorpal, *Slow rElec rC++}
   (You found it on level 2 of the Dungeon)

   It inflicts extra damage upon your enemies.
   rC:        It greatly protects you from cold.
   rElec:     It insulates you from electricity.
   *Slow:     It may slow you when you take damage.
Missiles
 d - 7 boomerangs of dispersal (quivered)
 j - 2 poisoned darts
Armour
 b - a +0 leather armour (worn)
 h - a +0 cloak (worn)
 n - a +0 ring mail of poison resistance
Jewellery
 q - a ring of fire
Scrolls
 c - 2 scrolls of blinking
 e - a scroll of fear {unknown}
 f - a scroll of teleportation {unknown}
 g - 4 scrolls of identify {unknown}
 i - 3 scrolls of magic mapping {unknown}
 k - a scroll of immolation {unknown}
Potions
 m - a potion of heal wounds {unknown}
 o - a potion of cancellation {unknown}
 p - a potion of curing {unknown}


   Skills:
 + Level 4.5 Fighting
 + Level 4.5 Short Blades
 + Level 0.7 Long Blades
 + Level 0.7 Axes
 + Level 0.7 Maces & Flails
 + Level 0.7 Polearms
 + Level 0.7 Staves
 + Level 0.7 Ranged Weapons
 + Level 2.6 Throwing
 + Level 2.6 Armour
 + Level 4.5 Dodging
 + Level 0.7 Stealth
 + Level 0.7 Shields
 + Level 0.7 Unarmed Combat
 + Level 5.0 Spellcasting
 + Level 0.5 Conjurations
 + Level 0.5 Hexes
 + Level 0.5 Summonings
 + Level 0.5 Necromancy
 + Level 5.4 Translocations
 + Level 0.5 Transmutations
 + Level 0.5 Fire Magic
 + Level 0.5 Ice Magic
 + Level 0.5 Air Magic
 + Level 0.5 Earth Magic
 + Level 0.5 Poison Magic
 + Level 0.9 Invocations
 + Level 0.7 Evocations


You had 10 spell levels left.
You knew the following spells:

 Your Spells              Type           Power      Damage    Failure   Level
a - Blink                 Tloc           36%        N/A       3%          2

Your spell library contained the following spells:

 Spells                   Type           Power      Damage    Failure   Level
 Lesser Beckoning         Tloc           36%        N/A       8%          3
 Teleport Other           Tloc           18%        N/A       8%          3
 Portal Projectile        Hex/Tloc       22%        N/A       21%         3
 Vhi's Electric Charge    Tloc/Air       22%        N/A       21%         3
 Manifold Assault         Tloc           18%        N/A       24%         4
 Tukima's Dance           Hex            4%         N/A       50%         3
 Anguish                  Hex/Necr       2%         N/A       88%         4
 Blade Hands              Tmut           2%         N/A       99%         5
 Enfeeble                 Hex            2%         N/A       100%        7
 Chain Lightning          Conj/Air       2%         3d2       100%        9
 Fire Storm               Conj/Fire      2%         8d1       100%        9
 Shatter                  Erth           2%         3d6*      100%        9


Dungeon Overview and Level Annotations

Branches:
Dungeon (2/15)

Altars:
Zin


Innate Abilities, Weirdness & Mutations

You have very sharp teeth.
Your uncanny sense of smell can sniff out nearby items.
Your experience applies equally to all skills.


Message History

You see here a +0 club.
You see here a +0 club.
There is a stone staircase leading up here.
There is a stone staircase leading up here.
Found a dagger.
Found a stone staircase leading up.
You see here a +0 dagger.
q - a ring of fire You see here a +0 dagger.
You see here the +10 short sword of Honour {freeze, rElec Will- Int+2 SInv}.
There is a stone staircase leading up here.
A gnoll comes into view. It is wielding a +2 flail of draining.
The gnoll shouts!
A gnoll is nearby!
A gnoll comes into view. It is wielding a +0 club.
A gnoll comes into view. It is wielding a +0 whip.
A gnoll comes into view. It is wielding a +0 halberd.
The gnoll shouts!
You reach to attack!
You hit the gnoll.
The gnoll is moderately wounded.
You closely miss the gnoll.
The gnoll is moderately wounded.
The gnoll hits you with a +2 flail of draining!
You feel drained.
You hit the gnoll. You bite the gnoll, but do no damage.
The gnoll is almost dead.
The gnoll hits you with a +2 flail of draining!
You feel drained. The gnoll attacks as you move away!
The gnoll hits you with a +2 flail of draining.
* * * LOW HITPOINT WARNING * * *
You feel drained.
* * * LOW HITPOINT WARNING * * *
Okay, then.
Blink to where?
Press: ? - help, Dir - move target, p - gnoll
Okay, then.
The gnoll attacks as you move away!
The gnoll hits you with a +2 flail of draining!
You die...

##.### #.# .....#
#.# #..#.# #.#
...#.# #.# ..##.#
#.# .###.#
##########.## .#
#.# #........)..#
.# #.#
#.########..# ##
#.# #).....<.@..#
#.#.##########g.#
#.#.....g.gg....#
#.#############.#
#.# #.# #.# #.#
#.#############.#
#.............#.##
#############.#..#


You could see a gnoll.

Vanquished Creatures
  3 dart slugs
  2 endoplasms
  3 goblins
  A hobgoblin (D:2)
  2 jackals (D:2)
  2 quokkas
  A ball python (D:1)
  3 bats
  A frilled lizard (D:1)
  4 rats
22 creatures vanquished.

Notes
Turn   | Place    | Note
-------+----------+-------------------------------------------
     0 | D:1      | McGhostyFace the Gnoll Warper began the quest for the Orb.
     0 | D:1      | Reached XP level 1. HP: 20/20 MP: 6/6
   182 | D:1      | Reached XP level 2. HP: 22/26 MP: 7/7
   185 | D:1      | Learned a level 2 spell: Blink
   392 | D:1      | You fall into a shaft and drop 1 floor!
   423 | D:2      | Identified the +6 spear of Disorder {vorpal, *Slow rElec
                  | rC++}
   426 | D:2      | Found a glowing silver altar of Zin.
   633 | D:2      | Reached skill level 5 in Spellcasting
   633 | D:2      | Reached XP level 3. HP: 31/31 MP: 7/9
   756 | D:2      | Found a faded altar of an unknown god.
  1055 | D:2      | Identified the +10 short sword of Honour {freeze, rElec
                  | Will- Int+2 SInv}
  1077 | D:2      | Slain by a gnoll

Illustrated notes

Levels and vault maps discovered:
D:1:      ebering_trefoil_3fold, layout_loops_ring, st_stairs_14
D:2:      layout_basic, basic_altar, shapermc_ecumenical_altar_pompeii,
          minmay_pentomino_u4, uniq_crazy_yiuf_cottage

Skill      XL: |  1  2 |
---------------+-------+-----
Spellcasting   | 5 |  5.0
Fighting       | |  4.5
Short Blades   | |  4.5
Long Blades    | |  0.7
Axes           | |  0.7
Maces & Flails | |  0.7
Polearms       | |  0.7
Staves         | |  0.7
Ranged Weapons | |  0.7
Throwing       | |  2.6
Armour         | |  2.6
Dodging        | |  4.5
Stealth        | |  0.7
Shields        | |  0.7
Unarmed Combat | |  0.7
Conjurations   | |  0.5
Hexes          | |  0.5
Summonings     | |  0.5
Necromancy     | |  0.5
Translocations | |  5.4
Transmutations | |  0.5
Fire Magic     | |  0.5
Ice Magic      | |  0.5
Air Magic      | |  0.5
Earth Magic    | |  0.5
Poison Magic   | |  0.5
Invocations    | |  0.9
Evocations     | |  0.7

Action                   || total
-------------------------++-------
Melee: Short sword       ||    38
       Bite              ||     3
       Spear             ||    28
Armor: Leather armour    ||    10
Dodge: Dodged            ||    22

Table legend: (Time is in decaauts)
 A = Elapsed time spent in this place.
 B = Non-inter-level travel time spent in this place.
 C = Inter-level travel time spent in this place.
 D = Time resting spent in this place.
 E = Time spent auto-exploring this place.
 F = Levels seen in this place.
 G = Mean time per level.
                   A        B        C        D        E       F      G
               +--------+--------+--------+--------+--------+-----+--------+
         Total |   1071 |   1062 |      9 |      0 |    855 |   2 |  535.5 |
       Dungeon |   1071 |   1062 |      9 |      0 |    855 |   2 |  535.5 |
               +--------+--------+--------+--------+--------+-----+--------+

Top non-repeatable levels by time:
     D:2: 686 daAuts
     D:1: 385 daAuts
